BR
GRAND RAPIDS DUTCH OVENS @ PITTSBURGH KILLA BEEZ
07/19/2026
 
TOP OF THE 1ST
Wapello Seafarers batting - Pitching for Pittsburgh Killa Beez : RHP Jeff Valdés
Pitching: RHP Jeff Valdés
Batting: RHB Carlos Rocha 0-0: Ground out 2-3 (Groundball, 2R)
Batting: RHB Albert Cortéz 0-0: Called Strike
0-1: Ball
1-1: Swinging Strike
1-2: Ball
2-2: Foul Ball, location: 2F
2-2: Foul Ball, location: 2F
2-2: Foul Ball, location: 2F
2-2: Strikes out looking
Batting: RHB Oliver Lugo 0-0: TRIPLE (Flyball, 89XD)
Batting: RHB Norm Skinner 0-0: Foul Ball, location: 2F
0-1: Ball
1-1: Ball
2-1: Fly out, F8 (Flyball, 8RM)
Top of the 1st over - 0 run(s), 1 hit(s), 0 error(s), 1 left on base; Wapello 0 - Pittsburgh 0
BOTTOM OF THE 1ST
Pittsburgh Killa Beez batting - Pitching for Wapello Seafarers : LHP Jorge Luna
Pitching: LHP Jorge Luna
Batting: RHB Kyle Baylor 0-0: Ball
1-0: Foul Ball, location: 2F
1-1: Foul Ball, location: 2F
1-2: Strikes out swinging
Batting: LHB Dale Miller 0-0: Ball
1-0: Called Strike
1-1: Ground out U3 (Groundball, 3S)
Batting: LHB Richard Hinkle 0-0: Called Strike
0-1: Foul Ball, location: 2F
0-2: Ball
1-2: Foul Ball, location: 2F
1-2: Ball
2-2: Foul Ball, location: 2F
2-2: Fly out, F8 (Line Drive, 8RM)
Bottom of the 1st over - 0 run(s), 0 hit(s), 0 error(s), 0 left on base; Wapello 0 - Pittsburgh 0
TOP OF THE 2ND
Wapello Seafarers batting - Pitching for Pittsburgh Killa Beez : RHP Jeff Valdés
Batting: LHB Luis Salazar 0-0: Called Strike
0-1: Ball
1-1: Foul Ball, location: 2F
1-2: Strikes out swinging
Batting: SHB Víctor Torres 0-0: Ball
1-0: Called Strike
1-1: Swinging Strike
1-2: Ground out U3 (Groundball, 3S)
Batting: LHB Félix Costa 0-0: Called Strike
0-1: Ball
1-1: Foul Ball, location: 2F
1-2: Fly out, F4 (Line Drive, 4)
Top of the 2nd over - 0 run(s), 0 hit(s), 0 error(s), 0 left on base; Wapello 0 - Pittsburgh 0
BOTTOM OF THE 2ND
Pittsburgh Killa Beez batting - Pitching for Wapello Seafarers : LHP Jorge Luna
Batting: RHB Ricardo Rodríguez 0-0: Foul Ball, location: 2F
0-1: Foul Ball, location: 2F
0-2: Strikes out looking
Batting: RHB Jorge Barbosa 0-0: Foul Ball, location: 2F
0-1: Ball
1-1: Swinging Strike
1-2: Fly out, F6 (Popup, 56)
Batting: RHB César Martínez 0-0: Called Strike
0-1: Ball
1-1: Called Strike
1-2: Foul Ball, location: 2F
1-2: Ball
2-2: SINGLE (Line Drive, 6MD)
Batting: RHB Fernando Vázquez 0-0: Called Strike
0-1: Foul Ball, location: 2F
0-2: Ball
1-2: Strikes out looking
Bottom of the 2nd over - 0 run(s), 1 hit(s), 0 error(s), 1 left on base; Wapello 0 - Pittsburgh 0
TOP OF THE 3RD
Wapello Seafarers batting - Pitching for Pittsburgh Killa Beez : RHP Jeff Valdés
Batting: RHB Carlos Martínez 0-0: SINGLE (Groundball, 34)
Batting: RHB Manuel Flores 0-0: Called Strike
0-1: Ball
1-1: Ball
Wild Pitch!
Carlos Martínez to second
2-1: SINGLE (Flyball, 78S)
Carlos Martínez to third
Batting: RHB Carlos Rocha 0-0: Called Strike
0-1: Ground out 4-3 (Groundball, 13)
Manuel Flores to second
Batting: RHB Albert Cortéz 0-0: Fly out, F7 (Flyball, 7LM)
Runner from 3rd tags up, SCORES, throw made
Batting: RHB Oliver Lugo 0-0: Foul Ball, location: 2F
0-1: Foul Ball, location: 2F
0-2: Ball
1-2: Ball
2-2: Strikes out looking
Top of the 3rd over - 1 run(s), 2 hit(s), 0 error(s), 1 left on base; Wapello 1 - Pittsburgh 0
BOTTOM OF THE 3RD
Pittsburgh Killa Beez batting - Pitching for Wapello Seafarers : LHP Jorge Luna
Batting: RHB Stan Taylor 0-0: Foul Ball, location: 2F
0-1: Ball
1-1: Called Strike
1-2: Ball
2-2: Strikes out swinging
Batting: RHB Salvador Rodríguez 0-0: Ball
1-0: Swinging Strike
1-1: Foul Ball, location: 2F
1-2: Fly out, F9 (Flyball, 89M)
Batting: RHB Kyle Baylor 0-0: Swinging Strike
0-1: Ball
1-1: Foul Ball, location: 2F
1-2: Ground out 6-3 (Groundball, 6M)
Bottom of the 3rd over - 0 run(s), 0 hit(s), 0 error(s), 0 left on base; Wapello 1 - Pittsburgh 0
TOP OF THE 4TH
Wapello Seafarers batting - Pitching for Pittsburgh Killa Beez : RHP Jeff Valdés
Batting: RHB Norm Skinner 0-0: Ball
1-0: Fly out, F8 (Flyball, 8RXD)
Batting: LHB Luis Salazar 0-0: Swinging Strike
0-1: Called Strike
0-2: Ball
1-2: Strikes out swinging
Batting: SHB Víctor Torres 0-0: Ball
1-0: Ball
2-0: Ball
3-0: Called Strike
3-1: Foul Ball, location: 2F
3-2: Strikes out swinging
Top of the 4th over - 0 run(s), 0 hit(s), 0 error(s), 0 left on base; Wapello 1 - Pittsburgh 0
BOTTOM OF THE 4TH
Pittsburgh Killa Beez batting - Pitching for Wapello Seafarers : LHP Jorge Luna
Batting: LHB Dale Miller 0-0: Called Strike
0-1: Swinging Strike
0-2: Strikes out swinging
Batting: LHB Richard Hinkle 0-0: Called Strike
0-1: Fly out, F7 (Flyball, 78M)
Batting: RHB Ricardo Rodríguez 0-0: Ball
1-0: Swinging Strike
1-1: SINGLE (Groundball, 56D)
Batting: RHB Jorge Barbosa 0-0: Called Strike
0-1: Called Strike
0-2: Strikes out swinging
Bottom of the 4th over - 0 run(s), 1 hit(s), 0 error(s), 1 left on base; Wapello 1 - Pittsburgh 0
TOP OF THE 5TH
Wapello Seafarers batting - Pitching for Pittsburgh Killa Beez : RHP Jeff Valdés
Batting: LHB Félix Costa 0-0: Ball
1-0: SINGLE (Groundball, 4MD)
Batting: RHB Carlos Martínez 0-0: Ball
1-0: Ball
2-0: Called Strike
2-1: Ball
3-1: Foul Ball, location: 2F
3-2: Ground out 5-3 (Groundball, 56S)
Félix Costa to second
Batting: RHB Manuel Flores 0-0: Foul Ball, location: 2F
0-1: Ball
1-1: Fly out, F6 (Popup, 6)
Batting: RHB Carlos Rocha 0-0: Ball
1-0: Ball
2-0: Called Strike
2-1: Ground out 6-3 (Groundball, 6M)
Top of the 5th over - 0 run(s), 1 hit(s), 0 error(s), 1 left on base; Wapello 1 - Pittsburgh 0
BOTTOM OF THE 5TH
Pittsburgh Killa Beez batting - Pitching for Wapello Seafarers : LHP Jorge Luna
Batting: RHB César Martínez 0-0: Ball
1-0: Called Strike
1-1: Swinging Strike
1-2: Foul Ball, location: 2F
1-2: Ball
2-2: Strikes out swinging
Batting: RHB Fernando Vázquez 0-0: Swinging Strike
0-1: Foul Ball, location: 2F
0-2: Strikes out looking
Batting: RHB Stan Taylor 0-0: Ball
1-0: Foul Ball, location: 2F
1-1: SINGLE (Groundball, 4M)
Batting: RHB Salvador Rodríguez 0-0: Called Strike
0-1: Ball
1-1: Ball
2-1: Fly out, F5 (Popup, 25)
Bottom of the 5th over - 0 run(s), 1 hit(s), 0 error(s), 1 left on base; Wapello 1 - Pittsburgh 0
TOP OF THE 6TH
Wapello Seafarers batting - Pitching for Pittsburgh Killa Beez : RHP Jeff Valdés
Batting: RHB Albert Cortéz 0-0: Fly out, F2 (Popup, 2LF)
Batting: RHB Oliver Lugo 0-0: Ball
1-0: Called Strike
1-1: SOLO HOME RUN (Flyball, 7D), Distance : 374 ft
Batting: RHB Norm Skinner 0-0: Foul Ball, location: 2F
0-1: Ball
1-1: Foul Ball, location: 2F
1-2: Foul Ball, location: 2F
1-2: Foul Ball, location: 2F
1-2: Ball
2-2: Foul Ball, location: 2F
2-2: Ground out 5-3 (Groundball, 56)
Batting: LHB Luis Salazar 0-0: Ground out 6-3 (Groundball, 6)
Top of the 6th over - 1 run(s), 1 hit(s), 0 error(s), 0 left on base; Wapello 2 - Pittsburgh 0
BOTTOM OF THE 6TH
Pittsburgh Killa Beez batting - Pitching for Wapello Seafarers : LHP Jorge Luna
Batting: RHB Kyle Baylor 0-0: SINGLE (Line Drive, 6D)
Pitching: RHP Mark Messier
Batting: LHB Dale Miller 0-0: Ball
1-0: Called Strike
1-1: Foul Ball, location: 2F
1-2: Ball
2-2: Fly out, F1 (Line Drive, 13S)
Batting: LHB Richard Hinkle 0-0: 2-RUN HOME RUN (Flyball, 9D), Distance : 351 ft
Batting: RHB Ricardo Rodríguez 0-0: Called Strike
0-1: Ball
1-1: Fly out, F9 (Flyball, 89M)
Batting: RHB Jorge Barbosa 0-0: Called Strike
0-1: Foul Ball, location: 2F
0-2: Ball
1-2: Strikes out swinging
Bottom of the 6th over - 2 run(s), 2 hit(s), 0 error(s), 0 left on base; Wapello 2 - Pittsburgh 2
TOP OF THE 7TH
Wapello Seafarers batting - Pitching for Pittsburgh Killa Beez : RHP Jeff Valdés
Batting: SHB Víctor Torres 0-0: Ball
1-0: Called Strike
1-1: Foul Ball, location: 2F
1-2: Foul Ball, location: 2F
1-2: Ball
2-2: Strikes out swinging
Pitching: RHP John Brock
Batting: LHB Félix Costa 0-0: Called Strike
0-1: Ball
1-1: Swinging Strike
1-2: Ball
2-2: Strikes out swinging wild pitch, reaches first!
Batting: RHB Carlos Martínez 0-0: Called Strike
Félix Costa steals 2nd base
0-1: SINGLE (Groundball, 5L)
Félix Costa to third
Runner from 3rd tries for Home, SAFE, no throw or cutoff
Batting: RHB Manuel Flores 0-0: Called Strike
0-1: SINGLE (Groundball, 6)
Carlos Martínez to second
Batting: RHB Carlos Rocha 0-0: Fly out, F8 (Flyball, 8LD)
Runner from 2nd tags up, SAFE at 3rd, no throw
Batting: RHB Albert Cortéz 0-0: Called Strike
0-1: Ball
1-1: Foul Ball, location: 2F
1-2: Ball
2-2: Strikes out looking
Top of the 7th over - 1 run(s), 2 hit(s), 0 error(s), 2 left on base; Wapello 3 - Pittsburgh 2
BOTTOM OF THE 7TH
Pittsburgh Killa Beez batting - Pitching for Wapello Seafarers : RHP Mark Messier
Batting: RHB César Martínez 0-0: Called Strike
0-1: Ball
1-1: Swinging Strike
1-2: Ball
2-2: Strikes out swinging
Batting: RHB Fernando Vázquez 0-0: Ball
1-0: Called Strike
1-1: Ground out 4-3 (Groundball, 4)
Batting: RHB Stan Taylor 0-0: Called Strike
0-1: Ball
1-1: Foul Ball, location: 2F
1-2: Foul Ball, location: 2F
1-2: DOUBLE (Flyball, 89M)
Batting: RHB Salvador Rodríguez 0-0: Called Strike
0-1: Ball
1-1: Foul Ball, location: 2F
1-2: Fly out, F7 (Flyball, 78M)
Bottom of the 7th over - 0 run(s), 1 hit(s), 0 error(s), 1 left on base; Wapello 3 - Pittsburgh 2
TOP OF THE 8TH
Wapello Seafarers batting - Pitching for Pittsburgh Killa Beez : RHP John Brock
Batting: RHB Oliver Lugo 0-0: Foul Ball, location: 2F
0-1: Foul Ball, location: 2F
0-2: SOLO HOME RUN (Flyball, 7D), Distance : 364 ft
Batting: RHB Norm Skinner 0-0: Ball
1-0: Fly out, F8 (Flyball, 78M)
Batting: LHB Luis Salazar 0-0: Hit by Pitch
Batting: SHB Víctor Torres 0-0: Ball
Throwing error on steal attempt, E2
Luis Salazar to third
1-0: Intentional Walk
Batting: LHB Félix Costa 0-0: Called Strike
0-1: Ball
1-1: Ball
2-1: Foul Ball, location: 2F
2-2: Ball
3-2: Fly out, F7 (Line Drive, 7LS)
Runner from 3rd tags up, SCORES, no throw
Pitching: RHP Earnest Bernhardt
Batting: RHB Carlos Martínez 0-0: Foul Ball, location: 2F
0-1: Ball
1-1: Fly out, F3 (Popup, 3SF)
Top of the 8th over - 2 run(s), 1 hit(s), 1 error(s), 1 left on base; Wapello 5 - Pittsburgh 2
BOTTOM OF THE 8TH
Pittsburgh Killa Beez batting - Pitching for Wapello Seafarers : RHP Mark Messier
Pitching: LHP Sancho Espinoza
Batting: RHB Kyle Baylor 0-0: Foul Ball, location: 2F
0-1: Foul Ball, location: 2F
0-2: Foul Ball, location: 2F
0-2: Foul Ball, location: 2F
0-2: Strikes out looking
Batting: LHB Dale Miller 0-0: Called Strike
0-1: Ball
1-1: Ball
2-1: DOUBLE (Flyball, 78D)
Batting: LHB Richard Hinkle 0-0: Ball
1-0: Fly out, F1 (Popup, 34S)
Pitching: RHP Jacob Edwards
Batting: RHB Ricardo Rodríguez 0-0: Called Strike
0-1: Called Strike
0-2: Ball
1-2: Strikes out swinging
Bottom of the 8th over - 0 run(s), 1 hit(s), 0 error(s), 1 left on base; Wapello 5 - Pittsburgh 2
TOP OF THE 9TH
Wapello Seafarers batting - Pitching for Pittsburgh Killa Beez : RHP Earnest Bernhardt
Batting: RHB Manuel Flores 0-0: Swinging Strike
0-1: Ball
1-1: Swinging Strike
1-2: Foul Ball, location: 2F
1-2: Strikes out swinging
Batting: RHB Carlos Rocha 0-0: Swinging Strike
0-1: Foul Ball, location: 2F
0-2: Foul Ball, location: 2F
0-2: Ball
1-2: Foul Ball, location: 2F
1-2: Foul Ball, location: 2F
1-2: Ball
2-2: Ball
3-2: Strikes out looking
Batting: RHB Albert Cortéz 0-0: Foul Ball, location: 2F
0-1: Ground out U3 (Groundball, 3S)
Top of the 9th over - 0 run(s), 0 hit(s), 0 error(s), 0 left on base; Wapello 5 - Pittsburgh 2
BOTTOM OF THE 9TH
Pittsburgh Killa Beez batting - Pitching for Wapello Seafarers : RHP Jacob Edwards
Pitching: RHP Jeffery Dillon
Batting: RHB Jorge Barbosa 0-0: Called Strike
0-1: SOLO HOME RUN (Flyball, 7D), Distance : 371 ft
Batting: RHB César Martínez 0-0: Foul Ball, location: 2F
0-1: Fly out, F5 (Popup, 15)
Batting: RHB Fernando Vázquez 0-0: SINGLE (Flyball, 4D)
Batting: RHB Stan Taylor 0-0: Called Strike
0-1: Ball
1-1: Foul Ball, location: 2F
1-2: Strikes out looking
Batting: RHB Salvador Rodríguez 0-0: Ball
1-0: Called Strike
1-1: Ball
2-1: Ground out 4-3 (Groundball, 4)
Bottom of the 9th over - 1 run(s), 2 hit(s), 0 error(s), 1 left on base; Wapello 5 - Pittsburgh 3
Monday, December 5th, 2016 - OOTP Baseball 17.12 Build 75